 Seeded DCSS version 0.29-a0-384-g6960b1960d (webtiles) character file.

Game seed: 7689639843301157318 (custom seed)

102 NinjaNoafa the Skirmisher (level 4, -2/41 HPs)
             Began as a Minotaur Fighter on May 6, 2022.
             Slain by a mummy (4 damage)
             ... on level 4 of the Dungeon.
             The game lasted 00:03:33 (3213 turns).

NinjaNoafa the Skirmisher (Minotaur Fighter)        Turns: 3213, Time: 00:03:33

Health: -2/41      AC:  5    Str: 22    XL:     4   Next: 49%
Magic:  3/3        EV:  6    Int:  5    God:
Gold:   76         SH:  4    Dex: 10    Spells: 3/3 levels left

rFire   . . .      SeeInvis .   a - +0 war axe
rCold   . . .      Faith    .   c - +0 buckler
rNeg    . . .      Spirit   .   f - +0 plate armour
rPois   .          Reflect  .   (helmet restricted)
rElec   .          Harm     .   i - +0 cloak
rCorr   .          Rampage  .   (no gloves)
Will    .....                   (no boots)
Stlth   ..........              (no amulet)
HPRegen 0.13/turn               (no ring)
MPRegen 0.08/turn               (no ring)

@: corroded
A: horns 2, retaliatory headbutt
a: no special abilities


You were on level 4 of the Dungeon.
You visited 1 branch of the dungeon, and saw 4 of its levels.

You collected 76 gold pieces.

Inventory:

Hand Weapons
 a - a +0 war axe (weapon)
Missiles
 l - a throwing net (quivered)
Armour
 c - a +0 buckler (worn)
 f - a +0 plate armour (worn)
 i - a +0 cloak (worn)
Jewellery
 s - a ring of wizardry
Wands
 o - a wand of paralysis (7)
 v - a wand of flame (9)
Scrolls
 b - 2 scrolls of brand weapon {unknown}
 h - a scroll of enchant weapon {unknown}
 m - a scroll of vulnerability {unknown}
 n - a scroll of magic mapping {unknown}
 p - a scroll of teleportation {unknown}
 r - a scroll of blinking {unknown}
Potions
 d - a potion of might
 e - a potion of lignification {unknown}
 g - 2 potions of curing {unknown}
 j - a potion of haste {unknown}
 k - a potion of brilliance {unknown}
 q - 2 potions of ambrosia {unknown}
 t - a potion of attraction {unknown}
 u - a potion of resistance {unknown}


   Skills:
 - Level 4.6 Fighting
 - Level 3.0 Axes
 - Level 4.6 Armour
 - Level 3.6 Shields
 + Level 1.7 Evocations


You had 3 spell levels left.
You didn't know any spells.
Your spell library contained the following spells:

 Spells                   Type           Power      Damage    Failure   Level
 Animate Skeleton         Necr           0%         N/A       100%        1
 Apportation              Tloc           0%         N/A       100%        1
 Pain                     Necr           0%         1d4       100%        1
 Summon Small Mammal      Summ           0%         N/A       100%        1
 Vampiric Draining        Necr           0%         2d6       100%        3


Dungeon Overview and Level Annotations

Branches:
Dungeon (4/15)
 Temple: D:4-7

Altars:
Elyvilon
Vehumet

Shops:
D:3 [

Portals:
Ossuary: D:4

Annotations:
D:3 2 runed translucent doors, ryw's ghost, amateur DsMo


Innate Abilities, Weirdness & Mutations

You have a pair of horns on your head.
You reflexively headbutt those who attack you in melee.


Message History

You see here a bat skeleton.
There is an escape hatch in the floor here.
You slide downwards.
The hatch slams shut behind you.
You hear the hiss of flowing sand.
There is an entrance to an ossuary on this level.
Hurry and find it before the portal is buried!
A jelly comes into view.
The jelly quivers.
A hobgoblin comes into view.
The hobgoblin shouts!
The jelly hits you. The acid corrodes you!
You are splashed with acid!
The jelly hits you but does no damage.
You hit the jelly. The acid corrodes you!
Your hands burn!
You headbutt the jelly.
The jelly is heavily wounded.
The jelly hits you but does no damage.
You slash the jelly!
You kill the jelly!
Your Evocations skill increases to level 1!
You hit the hobgoblin.
The hobgoblin is heavily wounded.
The hobgoblin hits you. x2
You hit the hobgoblin. You headbutt the hobgoblin.
You kill the hobgoblin!
Okay, then.
You hear the slow hiss of an avalanche of sand.
As you open the door, it creaks loudly!
A mummy comes into view.
Found a sand-covered staircase.
The mummy hits you!
There is an open door, spattered with blood here.
You hit the mummy but do no damage. The mummy closely misses you.
You barely miss the mummy. The mummy hits you!
* * * LOW HITPOINT WARNING * * *
You hit the mummy.
You headbutt the mummy, but do no damage.
The mummy is moderately damaged.
You completely miss the mummy.
The mummy is moderately damaged.
The mummy hits you.
You die...

.# ##...## .. ##..#..##
###### #.# ##..###..####
#..... #.# ##..## ##....##
#..... #.###..## ##....##
.....##.....#.......#....##
#....#.#..###.....###....##
...#...##M##...## ##....##
#.#..###@###.### ##....#
#.......................#
#.#....#..####..######..#
#....#...## #. #.##
+.##.#.### #.# ####.#.# ...
....# ... #.### .... #.#


You could see a mummy.

Vanquished Creatures
  A jelly (D:4)
  A dart slug (D:2)
  An orc (D:2)
  9 ball pythons
  5 bats
  9 endoplasms
  4 giant cockroaches (D:1)
  9 goblins
  3 hobgoblins
  9 kobolds
  4 quokkas
  6 frilled lizards
  A rat (D:2)
62 creatures vanquished.

Notes
Turn   | Place    | Note
-------+----------+-------------------------------------------
     0 | D:1      | NinjaNoafa the Minotaur Fighter began the quest for the
                  | Orb.
     0 | D:1      | Reached XP level 1. HP: 19/19 MP: 0/0
   309 | D:1      | Reached XP level 2. HP: 27/27 MP: 1/1
   878 | D:1      | Reached XP level 3. HP: 27/33 MP: 2/2
  1510 | D:2      | Found a white marble altar of Elyvilon.
  2619 | D:3      | Reached XP level 4. HP: 41/41 MP: 3/3
  2684 | D:3      | Found a radiant altar of Vehumet.
  2726 | D:3      | Found a large runed translucent door.
  2727 | D:3      | Found a large runed translucent door.
  2728 | D:3      | Noticed ryw's ghost (amateur DsMo)
  2731 | D:3      | Found Rym Wek's Armour Emporium.
  3199 | D:4      | Reached skill level 1 in Evocations
  3208 | D:4      | Found a sand-covered staircase.
  3211 | D:4      | HP: 1/41 [mummy (17)]
  3213 | D:4      | Slain by a mummy

Illustrated notes

Levels and vault maps discovered:
D:1:      dpeg_arrival_lava_temple_mockup, layout_loops_corners
D:2:      layout_basic, basic_altar
D:3:      layout_basic, vehumet_altar_wand_db, ebering_ghost_disaster_area,
          serial_shops, nicolae_shop_statue_plus, kennysheep_donut
D:4:      nicolae_cairo_tiling_large, layout_loops_cross,
          cheibrodos_ashenzari_chains, serial_shops, shop, nicolae_shop_trees,
          nicolae_shop_hallway_stairs, nicolae_square_shop,
          kennysheep_little_box, nicolae_ossuary_entry_giza, uniq_eustachio

Skill      XL: |  1  2  3  4 |
---------------+-------------+-----
Fighting       | 4 |  4.6
Armour         | 4 |  4.6
Axes           | 3 |  3.0
Evocations     | 1 |  1.7
Shields        | |  3.6

Action                   |  1- 3 |  4- 6 || total
-------------------------+-------+-------++-------
Melee: War axe           |   122 |    12 ||   134
       Headbutt          |    15 |     4 ||    19
Armor: Plate armour      |    80 |     3 ||    83
Dodge: Dodged            |    55 |     6 ||    61
Block: Buckler           |    29 |     1 ||    30

Table legend: (Time is in decaauts)
 A = Elapsed time spent in this place.
 B = Non-inter-level travel time spent in this place.
 C = Inter-level travel time spent in this place.
 D = Time resting spent in this place.
 E = Time spent auto-exploring this place.
 F = Levels seen in this place.
 G = Mean time per level.
                   A        B        C        D        E       F      G
               +--------+--------+--------+--------+--------+-----+--------+
         Total |   3266 |   3146 |    120 |      0 |   2684 |   4 |  816.5 |
       Dungeon |   3266 |   3146 |    120 |      0 |   2684 |   4 |  816.5 |
               +--------+--------+--------+--------+--------+-----+--------+

Top non-repeatable levels by time:
     D:1: 1283 daAuts
     D:2: 975 daAuts
     D:3: 950 daAuts
     D:4: 57 daAuts
